 Dungeon Crawl Stone Soup version 0.29-a0-284-gf9362112df (webtiles) character file.

Game seed: 3534569496497353084

39246 enile the Fighter (level 14, -12/101 HPs)
             Began as an Octopode Wanderer on Mar 17, 2022.
             Was a Priest of Ashenzari.
             Shot with an arrow by Nessos (22 damage)
             ... on level 6 of the Lair of Beasts.
             The game lasted 00:48:34 (27170 turns).

enile the Fighter (Octopode Wanderer)              Turns: 27170, Time: 00:48:34

Health: -12/101    AC:  5    Str: 20    XL:     14   Next: 5%
Magic:  22/29      EV: 20    Int: 24    God:    Ashenzari [***...]
Gold:   1319       SH: 15    Dex: 21    Spells: 21/35 levels left

rFire   + + .      SeeInvis +   X - +3 falchion (elec)
rCold   + + +      Faith    .   Q - +2 shield of Resistance {rF++ rC++ Will++, Cun, Alch} (curse)
rNeg    . . .      Spirit   .   c - +0 hat of Ashenzari's Loss {Alch, Evo} (curse)
rPois   +          Reflect  .   E - amulet of Joutot {Regen+ Dex+2}
rElec   .          Harm     .   e - ring "Chained Vision" {Slay+4, Fort, Elem} (curse)
rCorr   +          Rampage  .   C - ring of the Protecting Jester {rPois Will+ Str+3 Dex+6}
Will    +++++      Clarity  +   N - ring "Ensconced With Me" {AC+4, Elem, Self} (curse)
Stlth   +++++.....              Y - ring of flight
HPRegen 1.06/turn               L - ring of the Revealing Shame {rC+, Self, Cun} (curse)
MPRegen 0.21/turn               h - ring "Ensconced Discomfort" {Int+6, Cun, Melee} (curse)
                                b - +6 ring of strength
                                K - ring of Fuoxol {Wiz rC+ Will+ rCorr}

@: flying
A: almost no armour, amphibious, 8 rings, camouflage 1, gelatinous body 1,
(nimble swimmer 1), tentacles
a: Renounce Religion, Curse Item, Shatter the Chains


You were on level 6 of the Lair of Beasts.
You worshipped Ashenzari.
Ashenzari was most pleased with you.
You visited 3 branches of the dungeon, and saw 18 of its levels.

You collected 1319 gold pieces.

Inventory:

Hand Weapons
 X - a +3 falchion of electrocution (weapon)
Missiles
 A - 3 throwing nets (quivered)
 G - 5 curare-tipped darts
Armour
 c - the cursed +0 hat of Ashenzari's Loss (worn) {Alch, Evo}

   It has a curse which improves the following skills: Alchemy: Poison Magic and
   Transmutations.
   Evocations: Evocations.
 Q - the cursed +2 shield of Resistance (worn) {rF++ rC++ Will++, Cun, Alch}
   (You found it on level 8 of the Dungeon)

   rF:        It greatly protects you from fire.
   rC:        It greatly protects you from cold.
   Will:      It greatly increases your willpower.
   It has a curse which improves the following skills: Cunning: Dodging and
   Stealth.
   Alchemy:   Poison Magic and Transmutations.
 W - a +2 buckler of reflection
Jewellery
 b - a +6 ring of strength (on tentacle)
 e - the cursed ring "Chained Vision" (left tentacle) {Slay+4, Fort, Elem}
   (You found it on level 1 of the Dungeon)

   [ring of slaying]

   Slay:      It affects your accuracy & damage with ranged weapons and melee
   (+4).
   It has a curse which improves the following skills: Fortitude: Shields.
   Elements:  Fire Magic, Ice Magic, Air Magic and Earth Magic.
 h - the cursed ring "Ensconced Discomfort" (on tentacle) {Int+6, Cun, Melee}
   (You found it on level 2 of the Lair of Beasts)

   [ring of intelligence]

   Int:       It affects your intelligence (+6).
   It has a curse which improves the following skills: Cunning: Dodging and
   Stealth.
   Melee Combat: Short Blades, Long Blades, Axes, Maces & Flails, Polearms,
   Staves and Unarmed Combat.
 C - the ring of the Protecting Jester (right tentacle) {rPois Will+ Str+3 Dex+6}
   (You acquired it on level 5 of the Lair of Beasts)

   [ring of dexterity]

   Str:       It affects your strength (+3).
   Dex:       It affects your dexterity (+6).
   rPois:     It protects you from poison.
   Will:      It increases your willpower.
 E - the amulet of Joutot (around mantle) {Regen+ Dex+2}
   (You found it on level 5 of the Lair of Beasts)

   [amulet of regeneration]

   Dex:       It affects your dexterity (+2).
   Regen:     It increases your rate of health regeneration.
 K - the ring of Fuoxol (on tentacle) {Wiz rC+ Will+ rCorr}
   (You acquired it on level 4 of the Lair of Beasts)

   [ring of wizardry]

   It improves your spell success rate.
   rC:        It protects you from cold.
   rCorr:     It protects you from acid and corrosion.
   Will:      It increases your willpower.
 L - the cursed ring of the Revealing Shame (on tentacle) {rC+, Self, Cun}
   (You found it on level 1 of the Lair of Beasts)

   [ring of protection from cold]

   rC:        It protects you from cold.
   It has a curse which improves the following skills: Introspection: Fighting
   and Spellcasting.
   Cunning:   Dodging and Stealth.
 N - the cursed ring "Ensconced With Me" (on tentacle) {AC+4, Elem, Self}
   (You found it on level 8 of the Dungeon)

   [ring of protection]

   AC:        It affects your AC (+4).
   It has a curse which improves the following skills: Elements: Fire Magic, Ice
   Magic, Air Magic and Earth Magic.
   Introspection: Fighting and Spellcasting.
 T - an amulet of magic regeneration
 Y - a ring of flight (on tentacle)
Wands
 q - a wand of charming (3)
 u - a wand of digging (7)
 y - a wand of acid (23)
 F - a wand of mindburst (10)
 P - a wand of flame (17)
Scrolls
 d - a scroll of silence
 g - a scroll of summoning
 i - 3 scrolls of fear
 k - 2 scrolls of immolation
 l - 2 scrolls of brand weapon
 m - 2 scrolls of torment
 p - 3 scrolls of enchant armour
 v - a scroll of blinking
 w - 3 scrolls of fog
 D - 2 scrolls of holy word
 I - 5 scrolls of vulnerability
 M - a scroll of enchant weapon
 R - 3 scrolls of teleportation
 Z - 3 scrolls of amnesia
Potions
 a - a potion of cancellation
 f - 2 potions of berserk rage
 n - a potion of mutation
 o - 3 potions of ambrosia
 r - 2 potions of haste
 s - 2 potions of might
 t - 2 potions of lignification
 z - a potion of resistance
 B - 4 potions of curing
 H - a potion of magic
 J - 3 potions of brilliance
 U - 3 potions of heal wounds
Miscellaneous
 j - a phantom mirror
 x - a piece from Xom's chessboard (15/15)
 S - a phial of floods


   Skills:
 - Level 9.1(11.5) Fighting
 - Level 2.0(3.6) Short Blades
 - Level 2.3(3.9) Long Blades
 - Level 4.4(6.0) Staves
 - Level 3.1 Throwing
 - Level 8.1(11.3) Dodging
 - Level 5.8(9.0) Stealth
 - Level 9.0(10.6) Shields
 - Level 8.5(11.0) Spellcasting
 - Level 7.0 Conjurations
 - Level 3.0 Hexes
 - Level 2.1(4.0) Transmutations
 - Level 5.2(7.6) Fire Magic
 + Level 6.2(8.7) Ice Magic
 - Level 4.7(7.1) Air Magic
 - Level 4.0(6.2) Poison Magic
 - Level 8.8(10.4) Evocations


You had 21 spell levels left.
You knew the following spells:

 Your Spells              Type           Power      Damage    Failure   Level
a - Foxfire               Conj/Fire      100%       2x1d9     1%          1
b - Mephitic Cloud        Conj/Pois/Air  45%        N/A       1%          3
c - Inner Flame           Hex/Fire       38%        N/A       1%          3
d - Conjure Ball Lightni  Conj/Air       23%        3x3d6     32%         6
e - Sting                 Tmut/Pois      100%       1d8       1%          1

Your spell library contained the following spells:

 Spells                   Type           Power      Damage    Failure   Level
 Wereblood                Tmut           32%        N/A       1%          2
 Conjure Flame            Conj/Fire      48%        6-21      1%          3
 Ignite Poison            Fire/Tmut/Pois 41%        N/A       1%          3
 Ozocubu's Armour         Ice            53%        N/A       1%          3
 Flame Wave               Conj/Fire      48%        2d10      1%          4
 Tukima's Dance           Hex            27%        N/A       3%          3
 Summon Small Mammal      Summ           52%        N/A       4%          1
 Freezing Cloud           Conj/Ice/Air   24%        6-21      4%          5
 Fulminant Prism          Conj/Hex       18%        3d11      5%          4
 Sublimation of Blood     Necr           13%        N/A       6%          2
 Summon Guardian Golem    Hex/Summ       20%        N/A       6%          3
 Iskenderun's Mystic Bla  Conj/Tloc      30%        2d8       10%         4
 Metabolic Englaciation   Hex/Ice        20%        N/A       11%         5
 Call Canine Familiar     Summ           13%        N/A       12%         3
 Petrify                  Tmut/Erth      23%        N/A       16%         4
 Yara's Violent Unravell  Hex/Tmut       15%        3d8       26%         5
 Passage of Golubria      Tloc           13%        N/A       36%         4
 Lee's Rapid Deconstruct  Erth           7%         3d7*      65%         5
 Ozocubu's Refrigeration  Ice            26%        4d10      65%         7
 Statue Form              Tmut/Erth      15%        N/A       91%         6
 Summon Hydra             Summ           6%         N/A       100%        7
 Discord                  Hex            13%        N/A       100%        8
 Disjunction              Tloc           6%         N/A       100%        8
 Chain Lightning          Conj/Air       23%        3d31      100%        9
 Fire Storm               Conj/Fire      24%        8d6       100%        9
 Shatter                  Erth           7%         3d9*      100%        9


Dungeon Overview and Level Annotations

Branches:
Dungeon (11/15)            Temple (1/1) D:6            Lair (6/6) D:11
 Shoals (0/4) Lair:4        Snake (0/4) Lair:4        Slime (0/5) Lair:5
    Orc (0/2) D:10

Altars:
Ashenzari
Cheibriados
Dithmenos
Elyvilon
Fedhas
Gozag
Hepliaklqana
Kikubaaqudgha
Makhleb
Nemelex Xobeh
Okawaru
Qazlal
Ru
Sif Muna
Trog
Uskayaw
Vehumet
Wu Jian
Xom
Yredelemnul
Zin
The Shining One
Jiyva

Shops:
D:7 (   D:9 (

Portals:
Trove: D:11 (give 5 scrolls of fear)

Annotations:
D:10 3 runed translucent doors, Darkuwa's ghost, journeyman DDFi
Lair:3 1 runed translucent door, pigah's ghost, adept OpAE
Lair:6 Nessos


Innate Abilities, Weirdness & Mutations

You cannot wear most types of armour.
You are amphibious.
You can wear up to eight rings at the same time.
Your skin changes colour to match your surroundings (Stealth+).
Your rubbery body absorbs attacks. (AC +1, EV +1)
((You are camouflaged when in or above water. (Stealth+)))
You have tentacles for arms and can constrict up to eight enemies at once.


Message History

Nessos is lightly wounded.
Casting: Foxfire (safe; 1% risk of failure)
Confirm with . or Enter, or press ? or * to list all spells.
You conjure some foxfire!
You feel sick.
Nessos shoots an arrow.
You block the arrow.
Nessos gestures wildly while chanting.
Nessos blinks!
Your foxfire dissipates!
You feel sick.
You feel sick.
You feel sick.
You feel sick.
Nessos shoots an arrow.
You block the arrow.
Nessos shoots an arrow.
The arrow closely misses you.
The arrow hits the fungus!!
The fungus begins to die.
The arrow burns the fungus!
Casting: Foxfire (safe; 1% risk of failure)
Confirm with . or Enter, or press ? or * to list all spells.
You conjure some foxfire!
You feel sick.
You are no longer poisoned.
Nessos shoots an arrow.
You block the arrow.
Nessos shoots an arrow.
You block the arrow.
The foxfire hits Nessos but does no damage.
Nessos is lightly wounded.
The foxfire hits Nessos.
Flame seeps out of Nessos.
Nessos is lightly wounded.
Casting: Foxfire (safe; 1% risk of failure)
Confirm with . or Enter, or press ? or * to list all spells.
You conjure some foxfire!
Nessos pounds the earth with their hooves.
Nessos shoots an arrow.
You block the arrow.
Nessos shoots an arrow.
You block the arrow.
A nearby fungus withers and dies.
The foxfire hits Nessos.
Flame seeps out of Nessos.
Nessos is lightly wounded.
Nessos shoots an arrow.
The arrow hits you!!
* * * LOW HITPOINT WARNING * * *
The arrow burns you.
* * * LOW HITPOINT WARNING * * *
Nessos shoots an arrow.
The arrow hits you!!
You die...

* , ...............
, ,................
, , . #......# ,,
,, *##.
#.....#....*
##P..###.§.P# ,,#*
.....#.P.§.§# .,
...........§#{...*
, *
...(..PP§c§#...v...
, *
###..@.§?.$'.§..#
####§§..§.###.### ,
##....#......###
..........#...#. *,
,
............(....,
.........<....... ,
, .........<.......
, ................#
* ..........#.###.


You could see Nessos (fast, inner flame).

Vanquished Creatures
  Snorg (D:11)
  4 hydras
  A two-headed ogre (D:10)
  Urug (D:10)
  4 death yaks (Lair:5)
  Nergalle (D:10)
  Sonja (D:11)
  4 lindwurms (Lair:5)
  A wolf spider (Lair:2)
  An oklob plant (Lair:4)
  A cyclops (D:8)
  9 elephants
  6 black mambas
  9 cane toads
  An unseen horror (D:11)
  A rime drake (Lair:2)
  11 komodo dragons
  A troll (D:10)
  2 polar bears (Lair:3)
  A hornet (D:8)
  A merfolk (Lair:4)
  7 blink frogs
  2 slime creatures (D:8)
  6 dream sheep (Lair:3)
  A shadow (D:10)
  A wraith (D:11)
  4 wyverns
  A fire elemental (Lair:3)
  28 yaks
  2 basilisks
  2 steam dragons
  2 vampire mosquitoes (D:10)
  3 nagas (Lair:4)
  Duvessa (D:4)
  12 water moccasins
  A black bear (D:7)
  2 ice beasts (D:6)
  3 orc warriors
  3 sky beasts
  3 ogres (D:6)
  5 wolves
  10 centaurs
  3 phantoms
  A kobold brigand (D:6)
  11 bullfrogs
  5 gnoll sergeants
  4 scorpions
  13 wights
  Dowan (D:4)
  3 killer bees
  6 electric eels
  6 hounds
  4 jellies
  An orc priest (D:10)
  3 gnoll shamans
  8 iguanas
  Ijyb (D:3)
  6 orc wizards
  23 gnolls
  20 adders
  2 white imps
  An ufetubus (D:7)
  A dart slug (D:5)
  37 orcs
  7 endoplasms
  3 giant cockroaches
  6 hobgoblins
  3 jackals
  12 kobolds
  2 quokkas
  8 ball pythons
  3 bats
  5 frilled lizards
  16 goblins
  3 rats
  7 bushes (Lair:4)
396 creatures vanquished.

Vanquished Creatures (collateral kills)
  13 foxfires
13 creatures vanquished.

Vanquished Creatures (others)
  A deep elf pyromancer (D:8)
  A gnoll (D:9)
  3 ball lightnings (Lair:6)
  A fire vortex (Lair:3)
  298 foxfires
  41 fungi
  86 plants
431 creatures vanquished.

Grand Total: 840 creatures vanquished

Notes
Turn   | Place    | Note
-------+----------+-------------------------------------------
     0 | D:1      | enile the Octopode Wanderer began the quest for the Orb.
     0 | D:1      | enile set off with the following items: a +2 dagger, a
                  | curare-tipped dart, a +0 hat, a scroll of silence; and the
                  | following spell memorised: Sting; and the following spells
                  | available to memorise: Ignite Poison
     0 | D:1      | Reached XP level 1. HP: 11/11 MP: 2/2
   753 | D:1      | Reached XP level 2. HP: 17/17 MP: 3/3
  1237 | D:2      | Reached skill level 1 in Fighting
  1434 | D:2      | Reached XP level 3. HP: 19/23 MP: 4/4
  2357 | D:3      | Reached XP level 4. HP: 27/30 MP: 5/5
  2411 | D:3      | You fall into a shaft and drop 1 floor!
  2498 | D:4      | Noticed a scorpion
  2509 | D:4      | Killed a scorpion
  2510 | D:4      | Reached skill level 1 in Poison Magic
  2510 | D:4      | Reached XP level 5. HP: 33/36 MP: 6/6
  2514 | D:4      | Learned a level 3 spell: Mephitic Cloud
  2752 | D:4      | Reached skill level 1 in Dodging
  2752 | D:4      | Reached XP level 6. HP: 27/42 MP: 4/7
  3028 | D:4      | Noticed Duvessa
  3102 | D:4      | Noticed Dowan
  4091 | D:3      | Noticed Ijyb
  4198 | D:3      | Killed Ijyb
  4199 | D:3      | Reached skill level 1 in Air Magic
  4710 | D:3      | Found a faded altar of an unknown god.
  4712 | D:3      | Noticed a shining eye
  4713 | D:3      | Noticed a shining eye
  4713 | D:3      | Noticed a great orb of eyes
  4713 | D:3      | Noticed a great orb of eyes
  5010 | D:4      | Killed Dowan
  5011 | D:4      | Reached XP level 7. HP: 47/47 MP: 8/8
  5015 | D:4      | Killed Duvessa
  5856 | D:5      | Entered Level 5 of the Dungeon
  6127 | D:5      | Reached skill level 5 in Evocations
  6129 | D:5      | Reached skill level 1 in Conjurations
  6136 | D:5      | Reached XP level 8. HP: 11/54 MP: 7/9
  6411 | D:5      | Identified a scroll of acquirement
  6535 | D:5      | Acquired a +2 spectral quarterstaff
  6872 | D:6      | Reached skill level 5 in Fighting
  6872 | D:6      | Reached skill level 1 in Staves
  7171 | D:6      | Found a staircase to the Ecumenical Temple.
  7186 | D:6      | Reached skill level 5 in Dodging
  7212 | Temple   | Entered the Ecumenical Temple
  7541 | Temple   | Became a worshipper of Ashenzari the Shackled
  7615 | D:6      | Reached XP level 9. HP: 46/61 MP: 10/10
  7872 | D:6      | Learned a level 3 spell: Inner Flame
  8320 | D:7      | Found Byot's Weapon Shoppe.
  8567 | D:7      | Found a stormy altar of Qazlal.
  8619 | D:7      | Found a shimmering blue altar of Sif Muna.
  9497 | D:8      | Reached skill level 1 in Fire Magic
  9899 | D:8      | Noticed a hornet
  9904 | D:8      | Killed a hornet
 10124 | D:8      | Reached skill level 1 in Hexes
 10124 | D:8      | Reached XP level 10. HP: 64/69 MP: 16/16
 10193 | D:8      | Reached * piety under Ashenzari
 10820 | D:8      | Noticed a deep elf pyromancer
 10827 | D:8      | Killed a deep elf pyromancer
 10838 | D:8      | Noticed a four-headed hydra
 10849 | D:8      | Killed a four-headed hydra
 11222 | D:8      | Learned a level 1 spell: Foxfire
 11578 | D:8      | Noticed a centaur warrior
 11578 | D:8      | Noticed a cyclops
 11579 | D:8      | Found the +2 shield of Resistance {rF++ rC++ Will++}
 12016 | D:8      | Killed a cyclops
 12221 | D:9      | Reached skill level 1 in Shields
 12285 | D:9      | Reached XP level 11. HP: 21/77 MP: 18/18
 13325 | D:9      | Reached skill level 5 in Shields
 13938 | D:9      | Reached ** piety under Ashenzari
 14095 | D:9      | Found Yvevvioz's Weapon Shop.
 14130 | D:10     | Entered Level 10 of the Dungeon
 14229 | D:10     | Found a staircase to the Orcish Mines.
 15042 | D:10     | Noticed Urug
 15051 | D:10     | Killed Urug
 15223 | D:10     | Noticed a two-headed ogre
 15233 | D:10     | Noticed Nergalle
 15239 | D:10     | Killed a two-headed ogre
 15252 | D:10     | Killed Nergalle
 15492 | D:10     | Found a runed translucent gate.
 15492 | D:10     | Found a runed translucent gate.
 15492 | D:10     | Found a runed translucent gate.
 15492 | D:10     | Noticed Darkuwa's ghost (journeyman DDFi)
 15823 | D:11     | Found a portal to a secret trove of treasure.
 15826 | D:11     | Noticed Sonja
 16871 | D:11     | Killed Sonja
 17598 | D:11     | Found a staircase to the Lair.
 17793 | D:11     | Reached skill level 5 in Spellcasting
 17794 | D:11     | Noticed Snorg
 17801 | D:11     | Noticed a catoblepas
 17806 | D:11     | Killed Snorg
 17807 | D:11     | Reached skill level 5 in Stealth
 17807 | D:11     | Reached XP level 12. HP: 10/90 MP: 11/22
 17830 | Lair:1   | Entered Level 1 of the Lair of Beasts
 18508 | Lair:1   | Reached *** piety under Ashenzari
 19302 | Lair:2   | Reached skill level 1 in Long Blades
 19630 | Lair:2   | Reached **** piety under Ashenzari
 20868 | Lair:3   | Reached skill level 1 in Ice Magic
 21029 | Lair:3   | Identified the +3 leather armour of Edei {rElec rF+ Regen+}
 21301 | Lair:3   | Found a runed translucent door.
 21375 | Lair:3   | Noticed pigah's ghost (adept OpAE)
 22079 | Lair:3   | Reached XP level 13. HP: 99/99 MP: 18/26
 22090 | Lair:3   | Reached skill level 5 in Fire Magic
 22732 | Lair:4   | Reached skill level 5 in Conjurations
 23335 | Lair:4   | Acquired the ring of Fuoxol {Wiz rC+ Will+ rCorr}
 23648 | Lair:4   | Found a staircase to the Shoals.
 23931 | Lair:4   | Reached skill level 5 in Ice Magic
 24277 | Lair:4   | Found a staircase to the Snake Pit.
 25043 | Lair:5   | Acquired the ring of the Protecting Jester {rPois Will+
                  | Str+3 Dex+6}
 25450 | Lair:5   | Found a viscous altar of Jiyva.
 25450 | Lair:5   | Found a staircase to the Slime Pits.
 25865 | Lair:5   | Identified the amulet of Joutot {Regen+ Dex+2}
 26003 | Lair:5   | Found a glowing golden altar of the Shining One.
 26476 | Lair:5   | Acquired a book of Annihilations
 26526 | Lair:5   | Reached XP level 14. HP: 78/101 MP: 18/29
 26533 | Lair:5   | Learned a level 6 spell: Conjure Ball Lightning
 26765 | Lair:6   | Entered Level 6 of the Lair of Beasts
 26832 | Lair:6   | Noticed Nessos
 27170 | Lair:6   | Shot with an arrow by Nessos

Illustrated notes

Levels and vault maps discovered:
D:1:      minmay_arrival_stair_chambers, layout_rooms, serial_forest,
          infiniplex_forest_straight_4, infiniplex_forest_clump_long,
          infiniplex_forest_corner_1, infiniplex_forest_lined_3,
          infiniplex_forest_lined_ring, infiniplex_forest_clump_small,
          infiniplex_forest_lined_room_, infiniplex_forest_corner_1,
          infiniplex_forest_straight_2, infiniplex_forest_lined_room_3,
          nicolae_concentric_dashed_squares_mild
D:2:      layout_loops_ring
D:3:      layout_rooms, hellmonk_ecumenical_altar_watching_god, uniq_ijyb
D:4:      layout_layer_cave, serial_bayou_lagoon_b, uniq_duvessa
D:5:      layout_rooms
D:6:      layout_rooms, temple_statues, minmay_ogre_servants
D:7:      layout_loops_cross, nicolae_overflow_squiral, serial_shops,
          nicolae_shop_hallway_plus, minmay_diced_spiral
D:8:      minmay_tri_box, layout_basic, eino_curves_03, minmay_three_doors
D:9:      layout_cave_pools, serial_gnoll_camp, gnoll_camp_mini_hut,
          gnoll_camp_mini_shop, gnoll_camp_mini_house, gnoll_camp_mini_basic,
          gnoll_camp_medium_01
D:10:     layout_loops_ring, orc_david_3, ebering_ghost_rock_garden,
          uniq_nergalle, uniq_urug
D:11:     layout_rooms, dpeg_oklobed_lair, enter_trove_1, uniq_snorg, uniq_sonja
Temple:   mainiacjoe_temple_cubbyholes
Lair:1:   layout_gridlike
Lair:2:   minmay_lair_venomous_thicket, layout_loops_ring, minivault_27,
          beast_lair_carwin_6
Lair:3:   layout_gridlike, ebering_ghost_inner_flame, grunt_megastairs_3
Lair:4:   layout_loops_ring, elwin_shoals_entry_rooms,
          minmay_snake_entry_guardpost_medium, minmay_lair_oklob_bushes
Lair:5:   layout_roguey, slime_altar_1, basic_altar, minmay_lindwurm_lava
Lair:6:   minmay_lair_end_enchanted_forest, layout_regular_city, uniq_nessos

Skill      XL: |  1  2  3  4  5  6  7  8  9 10 11 12 13 14 |
---------------+-------------------------------------------+-----
Fighting       | 1 2 3 4 5 6 7 9 |  9.1
Short Blades   | 2 |  2.0
Poison Magic   | 1 3 4 |  4.0
Dodging        | 1 3 5 7 8 |  8.1
Air Magic      | 2 3 4 |  4.7
Evocations     | 5 7 8 |  8.8
Conjurations   | 1 2 3 7 |  7.0
Staves         | 4 |  4.4
Spellcasting   | 4 5 8 |  8.5
Fire Magic     | 3 4 5 |  5.2
Hexes          | 1 3 |  3.0
Shields        | 2 7 9 |  9.0
Stealth        | 5 |  5.8
Long Blades    | 2 |  2.3
Ice Magic      | 3 5 6 |  6.2
Throwing       | |  3.1
Transmutations | |  2.1

Action                   |  1- 3 |  4- 6 |  7- 9 | 10-12 | 13-15 || total
-------------------------+-------+-------+-------+-------+-------++-------
Melee: Dagger            |    59 |    65 |    47 |       |       ||   171
       Constrict         |    12 |    13 |    42 |    35 |    14 ||   116
       Tentacles         |     9 |    13 |    44 |    71 |    27 ||   164
       Punch             |       |     1 |     2 |     3 |       ||     6
       Quarterstaff      |       |       |   116 |    42 |       ||   158
       Whip              |       |       |     7 |       |       ||     7
       Rapier            |       |       |       |    74 |       ||    74
       Falchion          |       |       |       |   127 |    81 ||   208
Throw: Dart              |       |     4 |     3 |     6 |       ||    13
       Throwing net      |       |       |       |     2 |       ||     2
 Cast: Sting             |    11 |    16 |    12 |    10 |       ||    49
       Inner Flame       |       |       |       |    80 |    57 ||   137
       Foxfire           |       |       |       |    99 |    85 ||   184
       Mephitic Cloud    |       |       |       |     2 |     3 ||     5
       Conjure Ball Ligh |       |       |       |       |     1 ||     1
Invok: Curse Item        |       |       |     1 |     6 |       ||     7
       Shatter the Chain |       |       |       |       |     1 ||     1
Evoke: Wand              |       |       |     3 |     5 |     4 ||    12
       Phial of floods   |       |       |       |     1 |       ||     1
       Piece from Xom's  |       |       |       |       |     4 ||     4
  Use: Potion            |       |     4 |       |     1 |       ||     5
       Scroll            |       |     1 |     5 |     4 |     7 ||    17
 Stab: Sleeping          |    10 |    14 |     7 |    16 |     2 ||    49
       Distracted        |       |       |     1 |     2 |       ||     3
       Confused          |       |       |       |       |     1 ||     1
Armor: Skin              |     8 |     7 |     7 |    30 |    14 ||    66
Dodge: Dodged            |    24 |    32 |    92 |   214 |    86 ||   448
Block: Kite shield       |       |       |       |   220 |   103 ||   323

Table legend: (Time is in decaauts)
 A = Elapsed time spent in this place.
 B = Non-inter-level travel time spent in this place.
 C = Inter-level travel time spent in this place.
 D = Time resting spent in this place.
 E = Time spent auto-exploring this place.
 F = Levels seen in this place.
 G = Mean time per level.
                   A        B        C        D        E       F      G
               +--------+--------+--------+--------+--------+-----+--------+
         Total |  27287 |  26451 |    836 |   4791 |  18125 |  18 | 1515.9 |
       Dungeon |  17552 |  16927 |    625 |   3481 |  11028 |  11 | 1595.6 |
        Temple |    353 |    290 |     63 |      0 |    289 |   1 |  353.0 |
          Lair |   9381 |   9234 |    147 |   1310 |   6808 |   6 | 1563.5 |
               +--------+--------+--------+--------+--------+-----+--------+

Top non-repeatable levels by time:
     D:8: 2865 daAuts
    D:10: 2791 daAuts
     D:4: 2680 daAuts
  Lair:4: 2585 daAuts
  Lair:3: 2058 daAuts
  Lair:5: 1830 daAuts
     D:7: 1780 daAuts
     D:9: 1769 daAuts
  Lair:1: 1558 daAuts
  Lair:2: 1301 daAuts
     D:1: 1139 daAuts
     D:6: 1025 daAuts
     D:3: 1023 daAuts
     D:2: 1007 daAuts
     D:5: 1001 daAuts
